cohdb
Replays
Latest Replays
All Replays
Popular Replays
Top Player Replays
Match Explorer
How It Works
Community
CoH3 Stats
Reddit
Sign in to upload your games and track your stats! →
Sign in with Steam
Match 41579500
Unlisted
Match 41579500
Overview
Messages
Build Orders
End
Construct Barracks
1⁄4-ton 4x4 Truck
Engineer Squad
Riflemen Squad
Riflemen Squad
Riflemen Squad
Riflemen Squad
Grenade Package
Infantry Support Center
Selects Advanced Infantry Battlegroup
Selects Convert to Ranger Squad
Selects Frontline Medical Station
Frontline Medical Station
Convert to Ranger Squad
Selects Ammunition Storage
Advanced Logistics
Survival Training
Convert to Ranger Squad
wila
LittleFatty233
能力越小 责任越少
[VN]淮城的丽Anh yêu em
소확행
KOR_Leonie
如闪电般归来
Border of Life
0
0
Comments
sign in to comment!
No comments posted yet!